 Dungeon Crawl Stone Soup version 0.30-a0-458-g86641cc (webtiles) character file.

Game seed: 5640614195357768824

4 Illumine the Cudgeller (level 1, 0/19 HPs)
             Began as a Meteoran Cinder Acolyte on Dec 14, 2022.
             Was a High Priest of Ignis.
             Slain by a ball python (3 damage)
             ... on level 1 of the Dungeon.
             The game lasted 00:00:14 (148 turns).

Illumine the Cudgeller (Meteoran Cinder Acolyte)     Turns: 148, Time: 00:00:14

Health: 0/19       AC:  2    Str: 15    XL:     1   Next: 85%
Magic:  3/3        EV:  8    Int: 15    God:    Ignis [*****.]
Gold:   4          SH:  0    Dex:  9    Spells: 2/2 levels left

rFire   + . .      SeeInvis .    a - -1 mace (flame)
rCold   . . .      Faith    .    (no shield)
rNeg    . . .      Spirit   .    b - +0 robe
rPois   .          Reflect  .    (no helmet)
rElec   .          Harm     .    (no cloak)
rCorr   .          Rampage  .    (no gloves)
Will    .....                    (no boots)
Stlth   +.........               (no amulet)
HPRegen 0.23/turn                (no ring)
MPRegen 0.08/turn                (no ring)

@: glowing, constricted
A: sense surroundings 1, otherworldly, glowing, explore regen
a: Renounce Religion, Fiery Armour, Foxfire Swarm, Rising Flame


You were on level 1 of the Dungeon.
You worshipped Ignis.
Ignis was extremely pleased with you.
You visited 1 branch of the dungeon, and saw 1 of its levels.

You collected 4 gold pieces.

Inventory:

Hand Weapons
 a - a -1 mace of flaming (weapon)
Armour
 b - a +0 robe (worn)
Scrolls
 c - a scroll of torment {unknown}


   Skills:
 + Level 3.3 Fighting
 * Level 4.2 Maces & Flails
 + Level 0.4 Armour
 - Level 1.3 Spellcasting
 - Level 3.6 Fire Magic


You had 2 spell levels left.
You didn't know any spells.
Your spell library contained the following spells:

 Spells                   Type           Power      Damage    Failure   Level
 Scorch                   Fire           22%        2d6       9%          2


Dungeon Overview and Level Annotations

Branches:
Dungeon (1/15) Zot: 448

Altars:


Innate Abilities, Weirdness & Mutations

You passively map a small area around you.
You are easily found by Zot.
You glow in the dark.
You regain HP and MP as you explore.


Message History

The kobold throws a stone.
The stone barely misses you.
A kobold is nearby!
A kobold is nearby!
A kobold is nearby!
You hit the kobold. You burn the kobold.
You kill the kobold!
No target in view!
A kobold comes into view. It is wielding a +0 short sword.
The kobold shouts!
A frilled lizard comes into view.
The frilled lizard hisses angrily.
The kobold throws a stone.
The stone closely misses you.
A ball python comes into view.
The ball python hisses angrily.
You hit the frilled lizard. You burn the frilled lizard.
You kill the frilled lizard!
The kobold throws a stone.
The stone closely misses you.
The kobold throws a stone.
The stone hits you but does no damage.
You see here a frilled lizard corpse.
You closely miss the kobold.
The kobold hits you with a +0 short sword.
You closely miss the ball python.
The ball python bites you but does no damage.
The ball python closely misses you.
The kobold hits you with a +0 short sword. x2
The ball python barely misses you. x2
You barely miss the kobold. The ball python bites you.
The ball python grabs you. The ball python constricts you.
The kobold hits you but does no damage.
You barely miss the ball python.
The ball python bites you but does no damage.
The ball python constricts you.
The kobold hits you with a +0 short sword.
You closely miss the kobold. The ball python bites you.
* * * LOW HITPOINT WARNING * * *
The ball python constricts you.
The kobold hits you with a +0 short sword.
* * * LOW HITPOINT WARNING * * *
The ball python bites you.
You die...

..# #.# ..# ..## #.# ..#
, ...# #.# ######..####
...####.#####..........
.†.......##..........#
.#.####..##.#.##.....###
.#.# #..##.#.##........
.#.# #.........†.......
.#.# ##.......#@[##.###
* .#>....).......SK.# *
.#########.#.#.#.## * ..
.$###..#... , ## * *###
#.######.. , #.# . * *
#. * #, ,,*


You could see a ball python and a kobold.

Vanquished Creatures
  A bat (D:1)
  A kobold (D:1)
  2 frilled lizards (D:1)
4 creatures vanquished.

Notes
Turn   | Place    | Note
-------+----------+-------------------------------------------
     0 | D:1      | Illumine the Meteoran Cinder Acolyte began the quest for
                  | the Orb.
     0 | D:1      | Reached XP level 1. HP: 19/19 MP: 3/3
   148 | D:1      | Slain by a ball python

Illustrated notes

Levels and vault maps discovered:
D:1:      amcnicky_arrival_blooded_trapdoor, layout_loops_ring

Action                   || total
-------------------------++-------
Melee: Mace              ||    15
Armor: Robe              ||     9
Dodge: Dodged            ||    12

Table legend: (Time is in decaauts)
 A = Elapsed time spent in this place.
 B = Non-inter-level travel time spent in this place.
 C = Inter-level travel time spent in this place.
 D = Time resting spent in this place.
 E = Time spent auto-exploring this place.
 F = Levels seen in this place.
 G = Mean time per level.
                   A        B        C        D        E       F      G
               +--------+--------+--------+--------+--------+-----+--------+
         Total |    150 |    150 |      0 |      0 |    109 |   1 |  150.0 |
       Dungeon |    150 |    150 |      0 |      0 |    109 |   1 |  150.0 |
               +--------+--------+--------+--------+--------+-----+--------+

Top non-repeatable levels by time:
     D:1: 150 daAuts
